 Dungeon Crawl Stone Soup version 0.20.2-3-g29329e0561 (webtiles) character file.

2519 Alfie the Slicer (level 9, -2/78 HPs)
             Began as a Hill Orc Fighter on Nov 9, 2022.
             Slain by a komodo dragon (16 damage)
             ... on level 1 of the Lair of Beasts.
             The game lasted 00:15:41 (4606 turns).

Alfie the Slicer (Hill Orc Fighter)                 Turns: 4606, Time: 00:15:42

Health: -2/78      AC: 11    Str: 22    XL:     9   Next: 54%
Magic:  9/9        EV:  9    Int:  8    God:
Gold:   151        SH: 17    Dex: 10    Spells: 8/8 levels left

rFire    . . .     SeeInvis .   a - +1 rapier
rCold    . . .     Gourm    .   c - +1 shield
rNeg     . . .     Faith    .   b - +1 scale mail
rPois    .         Spirit   .   (no helmet)
rElec    .         Reflect  +   j - +0 cloak
rCorr    .         Harm     .   (no gloves)
MR       .....                  g - +0 pair of boots
Stlth    ..........             o - +5 amulet of reflection
Regen    0.3/turn               (no ring)
MPRegen  0.2/turn               (no ring)

@: no status effects
A: no striking features
a: no special abilities


You were on level 1 of the Lair of Beasts.
You were not hungry.

You visited 2 branches of the dungeon, and saw 8 of its levels.

You collected 331 gold pieces.
You spent 180 gold pieces at shops.

Inventory:

Hand Weapons
 a - a +1 rapier (weapon)
 y - a +0 whip of freezing
Missiles
 e - 11 tomahawks (quivered)
Armour
 b - a +1 scale mail (worn)
 c - a +1 shield (worn)
 g - a +0 pair of boots (worn)
 j - a +0 cloak (worn)
Jewellery
 l - an uncursed ring of poison resistance {unknown}
 o - a +5 amulet of reflection (around neck)
 x - an uncursed amulet of the gourmand
Wands
 m - a wand of paralysis (14/24)
 r - a wand of acid (0/15)
 u - a wand of enslavement (5/24)
Scrolls
 i - 4 scrolls of remove curse
 k - a scroll of teleportation
 t - 3 scrolls of identify
 A - a scroll of amnesia {unknown}
 C - a scroll of enchant weapon
Potions
 d - 2 potions of berserk rage {unknown}
 h - 3 potions of mutation {unknown}
 n - a potion of invisibility {unknown}
 p - 2 potions of agility {unknown}
 q - 2 potions of curing
 v - a potion of flight {unknown}
 z - a potion of haste
 B - 2 potions of brilliance {unknown}
Comestibles
 f - 4 bread rations
 s - 3 royal jellies
 w - 5 meat rations


   Skills:
 + Level 6.8 Fighting
 + Level 8.1 Short Blades
 + Level 6.3 Armour
 + Level 2.5 Dodging
 + Level 0.8 Stealth
 + Level 7.2 Shields
 + Level 0.2 Evocations


You had 8 spell levels left.
You didn't know any spells.

Dungeon Overview and Level Annotations

Branches:
Dungeon (9/15)             Temple (0/1) D:4            Lair (1/6) D:9
    Orc: D:9-12

Altars:
Elyvilon
Hepliaklqana
Makhleb
Trog
The Shining One

Shops:
D:4 *   D:5 %   D:6 }


Message History

The water moccasin closely misses you. The komodo dragon bites you!!
* * * LOW HITPOINT WARNING * * *
You feel better. You block the water moccasin's attack.
You block the komodo dragon's attack.
The water moccasin bites you but does no damage.
Your shield prevents you from hitting the komodo dragon.
The water moccasin barely misses you. You block the komodo dragon's attack.
You hit the komodo dragon but do no damage.
You block the water moccasin's attack.
Your shield and scale mail prevent you from hitting the komodo dragon.
You block the komodo dragon's attack.
The water moccasin bites you but does no damage.
You hit the komodo dragon.
The komodo dragon is lightly wounded.
The water moccasin completely misses you.
You block the komodo dragon's attack.
You puncture the komodo dragon!
The komodo dragon is moderately wounded.
The water moccasin closely misses you. The komodo dragon bites you!
You die...

.....................
#####..................#
....+..................#
............##..##.....#
. .#.......###+#......#
... #......## ##.....#
....#.†....# #.....#
........S...# #.....#
.....#..@...# ......#
.....#..l.....).........#
#... #....$....... #
.................. .
......).........
.................
.................
................. #


You could see a komodo dragon and a water moccasin.

Vanquished Creatures
  Pikel (D:6)
  A centaur zombie (D:6)
  A troll (D:9)
  A hippogriff (Lair:1)
  2 sky beasts
  An orc warrior (D:4)
  3 phantoms
  2 crocodiles (Lair:1)
  A scorpion (D:4)
  A howler monkey (D:6)
  A crimson imp (D:6)
  3 hounds
  An orc priest (D:4)
  3 centaur skeletons
  Natasha (thrice) (D:2)
  An orc wizard (D:4)
  3 worker ants
  6 adders
  2 oozes
  An adder skeleton (D:4)
  An adder zombie (D:6)
  2 worms (D:2)
  2 dart slugs (D:4)
  4 leopard geckos
  3 orcs
  A ball python (D:3)
  5 bats
  3 giant cockroaches
  11 hobgoblins
  6 jackals
  4 kobolds
  A quokka (D:2)
  4 frilled lizards
  9 goblins
  A leopard gecko skeleton (D:4)
  A quokka skeleton (D:4)
  6 rats
102 creatures vanquished.

Vanquished Creatures (others)
  2 centaurs
  A quokka (D:6)
3 creatures vanquished.

Grand Total: 105 creatures vanquished

Notes
Turn   | Place    | Note
-------+----------+-------------------------------------------
     0 | D:1      | Alfie the Hill Orc Fighter began the quest for the Orb.
     0 | D:1      | Reached XP level 1. HP: 19/19 MP: 1/1
   329 | D:1      | Reached XP level 2. HP: 27/27 MP: 2/2
   810 | D:2      | Reached XP level 3. HP: 18/33 MP: 3/3
   844 | D:2      | Noticed Natasha
   852 | D:2      | Killed Natasha
   870 | D:2      | Reached XP level 4. HP: 40/40 MP: 4/4
  1128 | D:2      | Noticed Natasha
  1153 | D:2      | HP: 2/41 [Natasha/magic dart (2)]
  1158 | D:2      | Killed Natasha
  1158 | D:2      | Reached skill level 3 in Short Blades
  1158 | D:2      | Reached skill level 1 in Dodging
  1319 | D:2      | Noticed Natasha
  1331 | D:2      | Killed Natasha
  1331 | D:2      | Reached XP level 5. HP: 18/47 MP: 5/5
  1640 | D:3      | Found a burning altar of Makhleb.
  1757 | D:3      | Reached XP level 6. HP: 36/53 MP: 6/6
  2068 | D:3      | Found a bloodstained altar of Trog.
  2068 | D:3      | Found a glowing golden altar of the Shining One.
  2069 | D:3      | Found a hazy altar of Hepliaklqana.
  2263 | D:4      | Noticed a phantom
  2275 | D:4      | Killed a phantom
  2275 | D:4      | Reached skill level 4 in Short Blades
  2312 | D:4      | Noticed an orc warrior
  2347 | D:4      | Killed an orc warrior
  2347 | D:4      | Reached skill level 5 in Shields
  2347 | D:4      | Reached XP level 7. HP: 23/60 MP: 7/7
  2352 | D:4      | HP: 2/60 [orc priest/divine providence (13)]
  2370 | D:4      | Reached skill level 5 in Fighting
  2417 | D:4      | Found Gafatsurph's General Store.
  2910 | D:4      | Found a staircase to the Ecumenical Temple.
  2941 | D:4      | Reached skill level 5 in Short Blades
  3042 | D:5      | Entered Level 5 of the Dungeon
  3042 | D:5      | Found Danoprae's Food Boutique.
  3047 | D:5      | Bought a meat ration for 60 gold pieces
  3047 | D:5      | Bought a meat ration for 60 gold pieces
  3047 | D:5      | Bought a meat ration for 60 gold pieces
  3221 | D:5      | Reached XP level 8. HP: 36/69 MP: 8/8
  3352 | D:5      | Reached skill level 5 in Armour
  3412 | D:5      | You fall through a shaft!
  3412 | D:6      | Found Jairaroo's Gadget Shoppe.
  3465 | D:6      | Reached skill level 6 in Short Blades
  3593 | D:5      | Reached skill level 7 in Short Blades
  3846 | D:6      | Found a white marble altar of Elyvilon.
  3977 | D:6      | Noticed Pikel
  3995 | D:6      | Killed Pikel
  3995 | D:6      | Reached XP level 9. HP: 56/78 MP: 9/9
  4175 | D:6      | You fall through a shaft for 3 floors!
  4360 | D:9      | Noticed a troll
  4380 | D:9      | Killed a troll
  4423 | D:9      | Found a staircase to the Lair.
  4487 | Lair:1   | Entered Level 1 of the Lair of Beasts
  4564 | Lair:1   | Reached skill level 8 in Short Blades
  4594 | Lair:1   | Noticed a komodo dragon
  4606 | Lair:1   | Slain by a komodo dragon

Skill      XL: |  1  2  3  4  5  6  7  8  9 |
---------------+----------------------------+-----
Fighting       | 4 5 6 |  6.8
Shields        | 4 5 6 7 |  7.2
Short Blades   | 3 4 5 7 8 |  8.1
Dodging        | 1 2 |  2.5
Armour         | 4 5 6 |  6.3
Stealth        | |  0.8
Evocations     | |  0.2

Action                   |  1- 3 |  4- 6 |  7- 9 || total
-------------------------+-------+-------+-------++-------
Melee: Rapier            |    57 |   218 |   360 ||   635
Throw: Tomahawk          |       |       |     3 ||     3
Evoke: Wand              |       |     2 |     2 ||     4
  Use: Scroll            |     4 |     4 |     4 ||    12
       Potion            |     2 |     3 |     4 ||     9
  Eat: Bread ration      |       |     1 |     2 ||     3
       Fruit             |       |       |     2 ||     2
Armor: Scale mail        |    38 |    97 |   138 ||   273
Dodge: Dodged            |    14 |    62 |    96 ||   172
Block: Shield            |    33 |   128 |   289 ||   450
       Reflection        |       |       |    14 ||    14
